Map: Simulacrum LE

Players

BewwyCwuncH - Winner!

  • Race: Terran Terran
  • League: Grandmaster
  • Spawn Location: 5:00

memOryfreak

  • Race: Zerg Zerg
  • League: Grandmaster
  • Spawn Location: 11:00

VOD

Have the link to the VOD?

Description

Time

  • Played on: Feb. 4, 2020, 5:58 a.m.
  • Length: 18:58
Show
View Real Time Build Order
Export as new Build Order

BewwyCwuncH Terran - Winner!

Build Orders: Reaper Expand 

Get SALT Encoding   

  12  0:05  SCV  
  13  0:17  SCV  
  13  0:21  Supply Depot  
  14  0:29  SCV  
  15  0:37  Refinery  
  16  0:42  SCV  
  16  0:47  Barracks  
  16  0:55  SCV  
  17  1:07  SCV  
  18  1:19  SCV  
  19  1:34  Reaper, Orbital Command  
  20  1:49  Command Center  
  20  1:57  Factory  
  20  2:00  SCV  
  21  2:08  Supply Depot  
  21  2:14  Barracks Reactor  
  21  2:16  SCV  
  22  2:22  Refinery  
  22  2:28  SCV  
  23  2:40  SCV  
  23  2:41  Hellion  
  26  2:51  Marine x2  
  26  2:53  SCV  
  29  3:01  Orbital Command  
  29  3:05  SCV  
  30  3:14  Starport  
  30  3:17  SCV  
  30  3:18  Hellion  
  33  3:22  Hellion  
  35  3:29  SCV x2  
  35  3:33  Marine  
  38  3:39  Hellion  
  40  3:43  Hellion  
  40  3:45  Orbital Command  
  42  3:51  Medivac  
  44  3:56  SCV  
  45  4:03  Marine  
  45  4:09  Supply Depot  
  46  4:11  Armory  
  46  4:19  SCV x2, Hellion x2  
  52  4:31  Barracks Tech Lab, Liberator  
  56  4:32  SCV x2, Supply Depot  
  57  4:44  SCV  
  57  4:45  SCV  
  59  4:49  Marine  
  59  4:50  Stimpack  
  60  4:56  Supply Depot  
  60  4:57  SCV x2, Factory Reactor  
  62  5:09  SCV  
  62  5:12  Marine  
  63  5:15  Liberator  
  63  5:18  Barracks  
  63  5:19  SCV, Barracks  
  63  5:21  SCV  
  68  5:30  Marine  
  68  5:31  SCV  
  68  5:33  SCV  
  68  5:34  Command Center  
  71  5:43  Engineering Bay  
  71  5:44  SCV  
  71  5:45  Factory Reactor  
  71  5:46  Refinery  
  71  5:48  Engineering Bay, Refinery, Marine  
  73  5:52  SCV  
  73  5:56  SCV  
  75  5:58  Starport Reactor  
  75  6:04  SCV  
  75  6:06  Marine  
  73  6:14  SCV  
  62  6:19  Marine x2  
  62  6:20  Barracks  
  62  6:22  Terran Infantry Weapons Level 1, Terran Infantry Armor Level 1  
  62  6:23  Marine  
  62  6:24  Barracks  
  62  6:25  SCV  
  63  6:29  Marine x2  
  63  6:32  Widow Mine x2  
  66  6:33  Combat Shield  
  66  6:37  SCV x2, Marine x2  
  70  6:41  Marine  
  70  6:43  Medivac x2  
  75  6:47  Marine x2  
  75  6:49  SCV  
  82  6:54  SCV, Widow Mine x2, Marine  
  82  6:55  Orbital Command  
  82  6:59  Supply Depot  
  82  7:01  SCV, Marine  
  85  7:02  Supply Depot  
  85  7:06  SCV  
  87  7:09  Factory  
  87  7:10  Marine x2  
  87  7:13  SCV  
  87  7:15  Medivac  
  92  7:19  Marine  
  92  7:20  Marine  
  92  7:22  Barracks Reactor x2  
  94  7:23  SCV  
  95  7:33  Marine  
  95  7:34  Supply Depot, Marauder, Marine  
  95  7:35  Supply Depot  
  99  7:37  Marine  
  99  7:40  SCV x2  
  99  7:42  Marine  
  99  7:43  Orbital Command  
  103  7:51  Marine x2  
  103  7:55  Marine  
  97  7:59  SCV x2  
  97  8:00  Marine  
  97  8:02  Marine x2  
  97  8:03  Marine  
  103  8:06  Widow Mine  
  103  8:07  Widow Mine, Factory Tech Lab  
  103  8:10  SCV  
  103  8:11  SCV x2  
  106  8:15  Marine x2  
  106  8:16  Marine x3  
  107  8:23  Medivac, Command Center  
  107  8:26  Marine x2  
  111  8:28  Drilling Claws  
  111  8:30  Widow Mine x2  
  115  8:34  Terran Infantry Weapons Level 2  
  115  8:35  Terran Infantry Armor Level 2  
  115  8:39  Bunker  
  115  8:44  Marine x2  
  115  8:46  Medivac, Supply Depot  
  119  8:52  Widow Mine x2  
  119  8:53  Medivac  
  125  9:02  Supply Depot x2, Marine x6  
  127  9:19  Widow Mine  
  127  9:21  Widow Mine x2  
  127  9:22  Marine x5  
  127  9:23  Marauder, Marine x3  
  137  9:27  Medivac x2  
  137  9:31  SCV x2, Sensor Tower, Barracks x3  
  143  9:40  Marine x6  
  143  9:41  Marine x2  
  143  9:44  Marauder  
  153  9:58  Marine x3  
  152  10:06  Marauder, Widow Mine x2, Marine x2  
  149  10:08  Marine x2  
  149  10:09  Planetary Fortress  
  149  10:10  SCV  
  149  10:12  Marine  
  153  10:15  Marine  
  154  10:23  Marine x2  
  154  10:26  Marine x3  
  154  10:27  Marine x2  
  161  10:29  Barracks Reactor, Barracks Tech Lab  
  161  10:30  Barracks Tech Lab  
  161  10:31  Marine  
  161  10:33  Command Center, Marine  
  163  10:41  Marine x2  
  165  10:44  Marine  
  164  10:51  Marine  
  164  10:52  Marine  
  131  11:08  Marine x2  
  131  11:09  Marine  
  131  11:10  Marine x3  
  131  11:11  Marine x2  
  104  11:34  Widow Mine x2  
  104  11:35  Marauder, Marine  
  104  11:36  Marine x2  
  113  11:42  Marauder, Marine x5  
  113  11:43  Widow Mine  
  116  11:47  SCV, Terran Infantry Weapons Level 3, Terran Infantry Armor Level 3  
  99  11:56  Widow Mine x2  
  99  11:57  Marine x5  
  99  11:58  Marine  
  99  12:01  Marine  
  100  12:02  Marine x2  
  100  12:03  Marine x2  
  100  12:04  Widow Mine  
  100  12:06  Marine x2  
  100  12:08  Missile Turret  
  108  12:09  Missile Turret  
  108  12:15  Marine x2  
  110  12:17  Medivac x2  
  110  12:18  Marauder, Marine x3  
  123  12:37  Widow Mine x2  
  123  12:42  Marauder, Marine x2  
  127  12:44  SCV x3  
  127  12:47  Medivac x2, Marine x2  
  127  12:48  Marine x2  
  138  12:56  SCV x3  
  141  13:00  Widow Mine  
  143  13:07  Missile Turret  
  143  13:08  SCV, Marine  
  143  13:09  Missile Turret  
  143  13:10  Missile Turret  
  141  13:15  Widow Mine  
  141  13:16  Widow Mine  
  141  13:17  Medivac x2  
  147  13:20  SCV  
  147  13:21  SCV, Sensor Tower  
  147  13:25  Planetary Fortress  
  147  13:26  SCV  
  150  13:28  Widow Mine  
  150  13:29  Marine  
  150  13:31  Marine  
  150  13:33  SCV x2  
  155  13:34  Marine  
  155  13:35  Marine  
  155  13:36  Marine  
  154  13:42  Widow Mine  
  150  13:50  Widow Mine x2  
  150  13:51  Marine x5  
  150  13:52  Marine  
  154  14:02  Marine x3  
  146  14:03  Marauder, Widow Mine  
  149  14:11  Widow Mine  
  108  14:25  Widow Mine  
  108  14:26  Marine x7, Widow Mine  
  108  14:27  Marauder x2, Marine  
  108  14:28  Marauder, Marine  
  108  14:29  Marine  
  116  14:33  Widow Mine  
  107  14:41  Medivac  
  107  14:43  Medivac  
  107  14:44  Marine x5  
  116  14:46  Widow Mine  
  118  14:55  SCV x2  
  118  14:59  Widow Mine x2, Marine  
  125  15:00  Marine  
  125  15:04  Marine x5  
  131  15:07  Widow Mine  
  133  15:17  Missile Turret x2  
  133  15:18  Marine x2  
  133  15:20  Sensor Tower  
  135  15:23  Missile Turret, Orbital Command, Marine  
  136  15:28  Refinery  
  136  15:41  SCV x2  
  138  15:43  Widow Mine x2  
  138  15:44  Widow Mine  
  138  15:46  Marine x3  
  138  15:47  Marauder  
  149  15:53  Marauder, Marine x3  
  149  15:54  Marauder  
  156  16:02  Refinery  
  156  16:03  Refinery  
  155  16:05  Widow Mine x2  
  159  16:14  Widow Mine, Marine x2  
  159  16:15  Marauder  
  165  16:20  Marine x3  
  165  16:22  Marine x3  
  165  16:23  Marine  
  172  16:28  Supply Depot x2  
  172  16:29  Supply Depot  
  172  16:34  Marine  
  172  16:39  Marine x3  
  172  16:46  Marine x2  
  172  16:47  Marine x3  
  172  16:48  Marine  
  172  16:49  Medivac x2, Widow Mine x3  
  182  17:00  Marine  
  182  17:01  Marine x3  
  166  17:11  Widow Mine x3  
  166  17:15  Marine x3  
  152  17:16  Marauder x3  
  152  17:17  Marine x2  
  152  17:20  Medivac  
  152  17:22  Marine x2  
  163  17:26  Marine x2  
  165  17:30  Marine  
  165  17:32  Widow Mine x3  
  165  17:35  Marine  
  161  17:37  Marauder  
  161  17:38  Marauder x2  
  155  17:44  Marine x4  
  155  17:51  Marine  
  149  17:54  Widow Mine x3, Marine x5  
  149  17:58  Marauder  
  149  17:59  Marauder x2  
  149  18:02  Marine  
  156  18:09  Marine x4  
  156  18:11  Marine x2  
  156  18:12  Marine  
  162  18:15  Widow Mine x2, Marine  
  160  18:20  Marauder x2  
  160  18:21  Marauder  
  160  18:23  Marine x2  
  160  18:27  Marine x4  
  154  18:29  Marine x2  
  166  18:42  Command Center  
Show
View Real Time Build Order
Export as new Build Order

memOryfreak Zerg 

Build Orders: Pool First, Muta Ling Bane 

Get SALT Encoding   

  12  0:01  Drone  
  13  0:12  Overlord  
  13  0:17  Drone  
  14  0:30  Drone  
  14  0:31  Drone  
  14  0:34  Drone  
  17  0:45  Spawning Pool  
  17  0:48  Drone  
  17  1:07  Hatchery  
  16  1:12  Drone, Extractor  
  16  1:15  Drone  
  17  1:31  Queen  
  17  1:32  Zergling x4  
  21  1:39  Overlord  
  21  1:51  Drone  
  22  2:00  Drone  
  23  2:07  Queen  
  25  2:14  Metabolic Boost  
  25  2:18  Drone  
  25  2:20  Queen  
  29  2:22  Drone  
  29  2:37  Drone x2  
  31  2:47  Hatchery  
  30  2:56  Overlord, Drone  
  31  3:03  Pneumatized Carapace  
  31  3:07  Drone  
  31  3:08  Drone  
  33  3:16  Drone x3  
  33  3:17  Drone  
  37  3:28  Drone  
  37  3:29  Drone x2  
  37  3:32  Overlord  
  37  3:33  Overlord  
  40  3:40  Drone x3  
  40  3:41  Drone  
  44  3:54  Queen x2  
  48  4:02  Queen  
  50  4:03  Drone x4  
  54  4:12  Drone  
  54  4:13  Spore Crawler  
  54  4:16  Zergling x10  
  59  4:26  Overlord x3  
  59  4:33  Spore Crawler  
  59  4:35  Spore Crawler, Drone  
  59  4:37  Queen  
  60  4:46  Queen  
  60  4:50  Drone x6  
  68  4:55  Lair  
  66  5:01  Zergling x8  
  66  5:02  Zergling x2  
  69  5:10  Zergling x10  
  74  5:16  Queen  
  76  5:21  Extractor  
  76  5:22  Baneling Nest  
  76  5:23  Drone x4  
  76  5:24  Drone  
  79  5:32  Extractor  
  79  5:33  Drone x6  
  84  5:44  Overlord x2  
  84  5:50  Drone x2, Extractor  
  84  5:51  Drone x3  
  88  5:58  Evolution Chamber  
  88  6:01  Evolution Chamber  
  84  6:04  Centrifical Hooks  
  81  6:17  Drone  
  81  6:18  Drone x8  
  85  6:25  Drone x4  
  87  6:33  Zerg Melee Weapons Level 1  
  87  6:38  Drone x7  
  94  6:50  Extractor  
  94  6:51  Extractor  
  92  6:55  Overlord x4  
  92  7:00  Zerg Ground Armor Level 1, Baneling  
  92  7:01  Zergling x2, Baneling x6  
  92  7:02  Zergling x4  
  92  7:04  Hatchery  
  94  7:23  Hatchery  
  94  7:28  Zergling x14  
  94  7:29  Zergling x6  
  103  7:39  Drone x2  
  105  7:44  Overseer  
  105  7:49  Zergling x16  
  105  7:50  Zergling x4  
  113  7:58  Baneling  
  113  7:59  Baneling x6  
  113  8:00  Drone x3  
  116  8:12  Zergling x12  
  120  8:17  Drone x3  
  120  8:18  Drone x5  
  128  8:25  Overlord x2  
  128  8:28  Spire  
  127  8:37  Overseer  
  127  8:38  Zerg Melee Weapons Level 2  
  127  8:39  Zergling x2, Extractor  
  127  8:40  Zergling x12  
  133  8:51  Overlord x2  
  133  8:52  Overlord  
  133  8:55  Drone x3  
  136  8:56  Infestation Pit, Drone x3  
  136  8:57  Zerg Ground Armor Level 2  
  136  9:01  Zergling x2  
  136  9:02  Zergling x14  
  143  9:12  Zergling x2  
  143  9:13  Zergling x20  
  143  9:15  Baneling x7  
  143  9:16  Baneling x2  
  149  9:21  Drone x7  
  154  9:35  Infestation Pit  
  153  9:44  Mutalisk, Zerg Flyer Weapons Level 1  
  153  9:45  Mutalisk x13  
  169  9:47  Overseer  
  169  9:52  Baneling x3  
  150  10:05  Zergling x8  
  150  10:06  Zergling x22  
  146  10:14  Baneling x7  
  146  10:15  Zergling x22, Baneling  
  146  10:16  Zergling x2  
  146  10:17  Zergling x2  
  159  10:22  Hive  
  159  10:27  Zergling x2  
  159  10:28  Zergling x8  
  164  10:29  Overseer x2  
  164  10:43  Zergling x8  
  164  10:44  Zergling x12, Overlord  
  164  10:45  Overlord x2  
  161  11:01  Queen  
  140  11:06  Zergling x30  
  140  11:07  Zergling x4  
  140  11:10  Baneling x5  
  140  11:11  Baneling x8  
  136  11:19  Zergling x8  
  136  11:20  Zergling x12  
  124  11:37  Drone x11  
  113  11:50  Mutalisk  
  113  11:51  Mutalisk x3  
  111  12:07  Zergling x22  
  121  12:14  Zerg Ground Armor Level 3  
  121  12:19  Zerg Melee Weapons Level 3  
  121  12:24  Adrenal Glands  
  121  12:28  Zerg Flyer Weapons Level 2  
  121  12:33  Zergling x2  
  121  12:34  Zergling x8  
  122  12:47  Overseer x2  
  122  12:50  Baneling x12  
  122  12:59  Zergling x2  
  122  13:00  Zergling x14  
  122  13:01  Hatchery  
  129  13:14  Zergling x2  
  129  13:15  Zergling x16  
  138  13:28  Zergling x2  
  138  13:29  Zergling x22  
  148  13:50  Baneling x12  
  148  13:52  Zergling x14  
  148  13:53  Zergling x14  
  147  14:00  Zergling x12  
  120  14:15  Zergling x22  
  116  14:32  Zergling x22  
  119  14:38  Zergling x6  
  119  14:39  Zergling x10  
  127  14:46  Baneling x12  
  127  14:49  Overseer  
  127  14:58  Overseer  
  127  15:01  Baneling x11  
  127  15:13  Zergling x26  
  140  15:26  Zergling x8  
  140  15:27  Zergling x14  
  151  15:40  Ultralisk Cavern  
  150  15:53  Baneling x7  
  150  15:56  Hatchery  
  149  16:24  Overseer  
  149  16:26  Chitinous Plating  
  149  16:28  Overlord x4  
  147  16:34  Ultralisk  
  143  16:46  Ultralisk x5  
  152  17:02  Zergling x20  
  138  17:17  Mutalisk  
  138  17:18  Mutalisk x6  
  151  17:32  Baneling x7  
  151  17:36  Zergling x16  
  153  17:40  Mutalisk  
  153  17:45  Anabolic Synthesis  
  153  17:49  Zergling x2  
  153  17:50  Zergling x12  
  152  17:56  Zergling x4  
  152  17:57  Zergling x4  
  147  18:10  Hatchery  
  147  18:12  Zergling x4  
  135  18:25  Baneling x3  
  135  18:26  Baneling x4  
  128  18:33  Overseer x2  
Tags
 
Add a new tag
Caveats
  • Supply blocks, unpowered buildings, or Contaminate may cause inaccurate times.
  • Supply counts are checked every 10 seconds.